 Dungeon Crawl Stone Soup version 0.21-a0-85-ga0cb861 (webtiles) character file.

29760 grindst0ne the Blocker (level 13, -12/144 HPs)
             Began as a Formicid Fighter on June 25, 2017.
             Was the Champion of Okawaru.
             Mangled by an ice devil (14 damage)
             ... in an ice cave.
             The game lasted 00:30:45 (16626 turns).

grindst0ne the Blocker (Formicid Fighter)          Turns: 16626, Time: 00:30:46

Health: -12/144    AC: 26    Str: 32    XL:     13   Next: 83%
Magic:  18/18      EV:  2    Int: 10    God:    Okawaru [******]
Gold:   958        SH: 27    Dex: 27    Spells: 12/12 levels left

rFire    . . .     SeeInvis .   O - +4 war axe
rCold    . . .     Gourm    .   g - +4 large shield of the Constellations {Str+8 Dex+7}
rNeg     + + +     Faith    .   (armour currently unavailable)
rPois    +         Spirit   .   (helmet unavailable)
rElec    .         Reflect  .   (cloak currently unavailable)
rCorr    .         Harm     .   (gloves currently unavailable)
MR       ++...                  (boots currently unavailable)
Stlth    +++.......             R - amulet of magic regeneration
HPRegen  0.34/turn              N - +4 ring of dexterity
MPRegen  0.41/turn              x - +4 ring of strength

@: tree-form, starving
A: permanent stasis, dig shafts and tunnels, four strong arms, thin skeletal
structure 1, magic resistance 1
a: Heroism, Finesse, Renounce Religion


You were in an ice cave.
You worshipped Okawaru.
Okawaru was exalted by your worship.
You were starving.
You were a tree.
You visited 3 branches of the dungeon, and saw 16 of its levels.
You also visited: Labyrinth and Ice Cave.

You collected 958 gold pieces.

Inventory:

Hand Weapons
 A - a +2 falchion of flaming
 O - a +4 war axe (weapon)
 Y - a +0 demon trident of freezing
 Z - a +0 great sword of freezing
Missiles
 C - 3 throwing nets (quivered)
Armour
 g - the +4 large shield of the Constellations (worn) {Str+8 Dex+7}
   (Okawaru gifted it to you on level 10 of the Dungeon)

   It affects your strength (+8).
   It affects your dexterity (+7).
 i - a +0 pair of boots (melded)
 q - a +0 cloak (melded)
 u - a +0 chain mail (melded)
 H - a +2 pair of gloves (melded)
Jewellery
 x - a +4 ring of strength (right branch)
 K - an uncursed ring of poison resistance
 N - a +4 ring of dexterity (left branch)
 R - an amulet of magic regeneration (around neck)
Wands
 l - a wand of scattershot (1/9)
 y - a wand of flame (18/48)
 B - a wand of acid (6/15)
 D - a wand of confusion (14/48)
 F - a wand of random effects (14/48)
 L - a wand of confusion (19/48)
Scrolls
 a - a scroll of enchant weapon
 d - 2 scrolls of fog
 m - a scroll of recharging {unknown}
 o - 3 scrolls of fear
 s - 4 scrolls of remove curse
 z - 5 scrolls of amnesia
 P - a scroll of random uselessness {unknown}
 V - a scroll of holy word {unknown}
 X - 2 scrolls of enchant armour
Potions
 h - 2 potions of resistance
 j - 2 potions of flight
 k - 8 potions of mutation
 w - 3 potions of lignification
 T - 2 potions of might
 W - 2 potions of invisibility
Books
 p - a book of Changes

   Spells                             Type                      Level
   a - Beastly Appendage              Transmutation                1
   b - Sticks to Snakes               Transmutation                2
   c - Spider Form                    Transmutation/Poison         3
   d - Ice Form                       Ice/Transmutation            4
   e - Blade Hands                    Transmutation                5
 v - the Disquisition on Fiery Beguiling
   (You found it in a labyrinth)

   Spells                             Type                      Level
   a - Confusing Touch                Hexes                        1
   b - Corona                         Hexes                        1
   c - Spectral Weapon                Hexes/Charms                 3
   d - Cause Fear                     Hexes                        4
   e - Summon Mana Viper              Hexes/Summoning              5
   f - Bolt of Fire                   Conjuration/Fire             6
 G - a Young Poisoner's Handbook

   Spells                             Type                      Level
   a - Sting                          Conjuration/Poison           1
   b - Poisonous Vapours              Poison/Air                   2
   c - Mephitic Cloud                 Conjuration/Poison/Air       3
   d - Olgreb's Toxic Radiance        Poison                       4
   e - Venom Bolt                     Conjuration/Poison           5
 M - a book of Conjurations

   Spells                             Type                      Level
   a - Magic Dart                     Conjuration                  1
   b - Searing Ray                    Conjuration                  2
   c - Dazzling Spray                 Conjuration/Hexes            3
   d - Fulminant Prism                Conjuration/Hexes            4
   e - Force Lance                    Conjuration/Translocation    4
   f - Iskenderun's Mystic Blast      Conjuration                  4
 U - a book of Frost

   Spells                             Type                      Level
   a - Freeze                         Ice                          1
   b - Throw Frost                    Conjuration/Ice              2
   c - Ozocubu's Armour               Charms/Ice                   3
   d - Throw Icicle                   Conjuration/Ice              4
   e - Summon Ice Beast               Ice/Summoning                4
Miscellaneous
 Q - a phantom mirror
Comestibles
 f - 7 bread rations
 r - 10 royal jellies
 E - 22 fruits
 I - 4 meat rations


   Skills:
 - Level 7.1 Fighting
 + Level 13.4 Axes
 - Level 10.2 Armour
 + Level 14.3 Shields
 - Level 6.1 Invocations
 - Level 7.2 Evocations


You had 12 spell levels left.
You didn't know any spells.

Dungeon Overview and Level Annotations

Branches:
Dungeon (11/15)            Temple (1/1) D:4            Lair (4/6) D:11
 Spider (0/4) Lair:2          Orc (0/2) D:10
  Swamp: Lair:2-4    Shoals: Lair:2-4

Altars:
Ashenzari
Cheibriados
Dithmenos
Elyvilon
Fedhas
Gozag
Hepliaklqana
Kikubaaqudgha
Makhleb
Nemelex Xobeh
Okawaru
Qazlal
Ru
Sif Muna
Trog
Uskayaw
Vehumet
Wu Jian
Xom
Yredelemnul
Zin
The Shining One

Shops:
D:10 *

Annotations:
D:6 1 runed door


Innate Abilities, Weirdness & Mutations

You cannot be hasted, slowed, berserked, paralysed or teleported.
You can dig through walls and to a lower floor.
Your four strong arms can wield two-handed weapons with a shield.
((You have a pair of large antennae on your head. (SInv)))
You have a somewhat thin skeletal structure. (Dex +2, Stealth)
You are resistant to hostile enchantments. (MR+)


Message History

You slash the ice devil!
The ice devil is heavily wounded.
You block the ice devil's attack.
You hit the ice devil but do no damage.
The ice devil is heavily wounded.
You block the ice devil's attack.
You completely miss the ice devil.
The ice devil is heavily wounded.
The ice devil hits you but does no damage.
You hit the ice devil but do no damage.
The ice devil is heavily wounded.
You slash the ice devil!
The ice devil is severely wounded.
You block the ice devil's attack.
You slash the ice devil!
The ice devil is almost dead.
The ice devil hits you.
* * * LOW HITPOINT WARNING * * *
The ice devil freezes you!
You die...

#§§4###....##..#
###§§§§#§§...#§§##
#§§..§§§#.[.##§§#
.§§§§#.4##..#§§##
..§ ##§.##§#§§# 5
#.§§##§.#
##.§#§§§##
#..§.#4## {
##..###♣## ####
##.# ###


You could see an ice devil.

Vanquished Creatures
  A minotaur (Lab)
  3 hydras
  5 two-headed ogres
  The ghost of sergedm the Eclecticist, a journeyman DECj of Vehumet (D:11)
  Urug (D:11)
  2 ugly things (D:11)
  2 ice statues (IceCv)
  A black mamba (Lair:2)
  6 spiny frogs
  4 komodo dragons
  4 ice devils (IceCv)
  2 trolls (D:10)
  5 blink frogs (Lair:1)
  5 hippogriffs
  2 dream sheep (D:11)
  2 redbacks (Lair:2)
  A wyvern (Lair:3)
  Sigmund (D:6)
  24 yaks
  A wraith (D:10)
  Grum (Lair:1)
  5 water moccasins
  7 porcupines
  2 sky beasts
  7 orc warriors
  10 ice beasts
  2 black bears
  A necrophage (D:11)
  3 phantoms
  15 wolves
  7 ogres
  7 crocodiles
  A centaur (D:8)
  6 big kobolds
  10 bullfrogs
  4 gnoll sergeants (D:10)
  A water moccasin zombie (D:9)
  A water moccasin skeleton (D:6)
  5 scorpions
  5 killer bees (D:10)
  10 wights (D:10)
  6 crimson imps
  4 bullfrog zombies
  5 howler monkeys (D:8)
  2 jellies (D:7)
  A quasit (D:7)
  3 hounds
  3 orc wizards
  3 orc priests (D:11)
  Natasha (thrice) (D:2)
  2 centaur skeletons
  14 worker ants
  5 iguanas
  A killer bee zombie (D:8)
  A hound zombie (D:5)
  A hound skeleton (D:10)
  2 howler monkey zombies
  2 worker ant zombies
  8 gnolls
  A howler monkey skeleton (D:8)
  9 adders
  A shadow imp (D:9)
  6 white imps (IceCv)
  8 ufetubi (IceCv)
  2 oozes (D:2)
  3 adder skeletons
  A worm (D:5)
  3 dart slugs
  3 leopard geckos
  33 orcs
  10 giant cockroaches
  4 goblins
  7 hobgoblins
  5 jackals
  5 quokkas
  A ball python (D:1)
  10 bats
  5 frilled lizards
  A jackal skeleton (D:4)
  17 kobolds
  A leopard gecko zombie (D:6)
  A quokka zombie (D:5)
  8 rats
  A butterfly (D:6)
  A fungus (Lair:2)
396 creatures vanquished.

Vanquished Creatures (others)
  5 white imps (IceCv)
  2 ufetubi (IceCv)
  A plant (Lair:4)
8 creatures vanquished.

Grand Total: 404 creatures vanquished

Notes
Turn   | Place    | Note
-------+----------+-------------------------------------------
     0 | D:1      | grindst0ne the Formicid Fighter began the quest for the Orb.
     0 | D:1      | Reached XP level 1. HP: 18/18 MP: 1/1
    72 | D:1      | Reached XP level 2. HP: 24/24 MP: 2/2
   213 | D:1      | You fall through a shaft!
   270 | D:1      | Reached skill level 4 in Shields
   419 | D:1      | Reached XP level 3. HP: 29/29 MP: 3/3
   828 | D:2      | Noticed Natasha
   848 | D:2      | Killed Natasha
   848 | D:2      | Reached XP level 4. HP: 27/37 MP: 4/4
  1030 | D:2      | Noticed Natasha
  1044 | D:2      | Killed Natasha
  1335 | D:2      | Noticed Natasha
  1345 | D:2      | Killed Natasha
  1345 | D:2      | Reached XP level 5. HP: 31/42 MP: 5/5
  1724 | D:3      | Found a deep blue altar of Sif Muna.
  1887 | D:3      | Found a white marble altar of Elyvilon.
  2379 | D:4      | Found a staircase to the Ecumenical Temple.
  2410 | D:4      | Reached skill level 5 in Shields
  2472 | D:4      | Reached XP level 6. HP: 46/49 MP: 6/6
  2717 | Temple   | Entered the Ecumenical Temple
  2901 | Temple   | Became a worshipper of Warmaster Okawaru
  2948 | D:5      | Entered Level 5 of the Dungeon
  3130 | D:5      | Found a shattered altar of Ashenzari.
  3623 | D:5      | Reached skill level 5 in Fighting
  3623 | D:5      | Reached XP level 7. HP: 50/56 MP: 7/7
  4222 | D:5      | Reached * piety under Okawaru
  4222 | D:5      | Reached skill level 5 in Armour
  4284 | D:5      | Found an ornate altar of the Wu Jian Council.
  4315 | D:5      | Reached skill level 6 in Shields
  4499 | D:6      | Found a runed door.
  4503 | D:6      | Found a runed door.
  4551 | D:6      | Reached XP level 8. HP: 31/64 MP: 8/8
  4824 | D:6      | Noticed Sigmund
  4833 | D:6      | Killed Sigmund
  4948 | D:6      | Reached ** piety under Okawaru
  4989 | D:6      | Reached skill level 5 in Axes
  4989 | D:6      | Reached skill level 7 in Shields
  5142 | D:6      | Gained mutation: You have a somewhat thin skeletal structure. (Dex +2, Stealth) [mutagenic meat]
  5143 | D:6      | Gained mutation: You are resistant to hostile enchantments. (MR+) [mutagenic meat]
  5680 | D:7      | Found a hazy altar of Hepliaklqana.
  5817 | D:7      | Reached XP level 9. HP: 61/71 MP: 9/9
  5896 | D:7      | Found an iron altar of Okawaru.
  6165 | D:7      | Found a hide-covered altar of Uskayaw.
  6547 | D:8      | Noticed a hippogriff
  6559 | D:8      | Killed a hippogriff
  6559 | D:8      | Reached *** piety under Okawaru
  6559 | D:8      | Reached skill level 1 in Invocations
  6559 | D:8      | Reached skill level 1 in Evocations
  6828 | D:8      | Noticed a hippogriff
  6843 | D:8      | Killed a hippogriff
  7329 | D:8      | Noticed a two-headed ogre
  7345 | D:8      | Killed a two-headed ogre
  7345 | D:8      | Reached **** piety under Okawaru
  7345 | D:8      | Reached XP level 10. HP: 31/79 MP: 11/13
  7985 | D:8      | Reached skill level 5 in Invocations
  7987 | D:8      | Noticed a two-headed ogre
  7993 | D:8      | Noticed a two-headed ogre
  8015 | D:8      | Killed a two-headed ogre
  8015 | D:8      | Reached skill level 5 in Evocations
  8276 | D:8      | Killed a two-headed ogre
  8276 | D:8      | Reached ***** piety under Okawaru
  8587 | D:9      | Found a stormy altar of Qazlal.
  8897 | D:9      | Found a bloodstained altar of Trog.
  9097 | D:9      | Reached XP level 11. HP: 84/84 MP: 15/15
  9232 | D:10     | Entered Level 10 of the Dungeon
  9321 | D:10     | Found Fiwkeirph's General Store.
  9408 | D:10     | Found a staircase to the Orcish Mines.
  9741 | D:10     | Reached skill level 10 in Armour
  9792 | D:10     | Noticed a two-headed ogre
  9801 | D:10     | Killed a two-headed ogre
  9801 | D:10     | Received a gift from Okawaru
  9824 | D:10     | Got a twisted large shield {god gift}
  9835 | D:10     | Identified the +4 large shield of the Constellations {Str+8 Dex+7} (Okawaru gifted it to you on level 10 of the Dungeon)
  9984 | D:10     | Reached skill level 8 in Shields
 10016 | D:10     | Noticed a two-headed ogre
 10033 | D:10     | Killed a two-headed ogre
 10371 | D:10     | Reached skill level 9 in Shields
 10617 | D:11     | Noticed an eight-headed hydra
 10621 | D:11     | Killed an eight-headed hydra
 10621 | D:11     | Reached skill level 10 in Axes
 10621 | D:11     | Reached XP level 12. HP: 87/91 MP: 17/17
 10664 | D:11     | Noticed sergedm's ghost (journeyman DECj)
 10882 | D:11     | Killed sergedm's ghost
 10882 | D:11     | Reached skill level 10 in Shields
 11533 | D:11     | Found a glowing golden altar of the Shining One.
 11700 | D:11     | Noticed Urug
 11728 | D:11     | Killed Urug
 11840 | D:11     | Found a staircase to the Lair.
 11889 | D:11     | Reached skill level 11 in Shields
 11962 | D:11     | Reached ****** piety under Okawaru
 12158 | D:11     | Received a gift from Okawaru
 12233 | D:11     | Noticed a three-headed hydra
 12243 | D:11     | Killed a one-headed hydra
 12473 | Lair:1   | Entered Level 1 of the Lair of Beasts
 12569 | Lair:1   | Noticed Grum
 12598 | Lair:1   | Reached skill level 12 in Shields
 12606 | Lair:1   | Killed Grum
 12632 | Lair:1   | Found a labyrinth entrance.
 12657 | Lab      | Entered a labyrinth
 12853 | Lab      | Noticed a minotaur
 12865 | Lab      | Killed a minotaur
 12870 | Lab      | Got a scorched hand axe {drain}
 12873 | Lab      | Identified the Disquisition on Fiery Beguiling
 13092 | Lair:1   | Identified the +9 hand axe of Mufouschi {drain, rN+ Int+4} (You took it off a minotaur in a labyrinth)
 13140 | Lair:1   | Reached XP level 13. HP: 96/96 MP: 18/18
 13892 | Lair:2   | Reached skill level 13 in Shields
 14142 | Lair:2   | Found a hole to the Spider Nest.
 14952 | Lair:3   | Noticed an eight-headed hydra
 14957 | Lair:3   | Killed an eight-headed hydra
 15852 | Lair:4   | Found a frozen archway.
 15870 | Lair:4   | Reached skill level 14 in Shields
 15896 | Lair:4   | Received a gift from Okawaru
 15899 | Lair:4   | Got an ichor-stained scale mail {god gift}
 15924 | Lair:4   | Identified the +3 scale mail of Complete Protection {rF+ Str-5 Dex+4 Slay+2} (Okawaru gifted it to you on level 4 of the Lair of Beasts)
 15938 | IceCv    | Entered an ice cave
 16611 | IceCv    | HP: 2/96 [ice devil (8)]
 16626 | IceCv    | HP: 2/144 [ice devil (5)]
 16626 | IceCv    | Mangled by an ice devil

Vault maps used:
D:1:      tarquinn_simple_flora_water_b
D:2:      first_bread, uniq_natasha
D:3:      elyvilon_altar_3, lemuel_crystal_altar
D:4:      minmay_temple_entry_statues_pillars
D:5:      kennysheep_little_box, serial_co_window_serial, co_window_paths_a,
          co_window_of_opportunity_a, co_window_paths_a,
          co_window_of_opportunity_a, co_window_corner_a, co_window_broadway_a,
          co_window_corner_ca, co_window_unsneaky_path_a, co_window_broadway_b,
          co_window_sun, evilmike_ruin_ashenzari
D:6:      lemuel_insect_pit, uniq_sigmund
D:7:      overflow_temple_1_default, kennysheep_mini, basic_altar
D:9:      lemuel_round_altar, nicolae_qazlal_style_of_elements
D:10:     kennysheep_orc_monster_closet_entryway, serial_shops,
          nicolae_shop_competitors_out_of_business
D:11:     lair_entry_dummy, hangedman_ranch, tso_metal_star, uniq_urug
Temple:   regret_index_temple_sphere_string
Lair:1:   lab_entry_generic, grunt_forest_stairs_basic,
          small_statue_intersection, st_stairs_12, columned_hall_lemuel,
          uniq_grum
Lair:2:   spider_nest_entry_a, eino_small_chamber_without_monster,
          beast_lair_carwin_1, serial_bayou_shore_a
Lair:3:   infiniplex_staircase_pool_2, lemuel_fruit_fields
Lair:4:   minmay_shoals_entry_lonely_mermaid, portal_ice_cave_entry_ice_beasts,
          serial_bayou_pond_c, minivault_29
Lab:      labyrinth_watery, labyrinth_glass_2
IceCv:    ice_cave_small_demon

Skill      XL: |  1  2  3  4  5  6  7  8  9 10 11 12 13 |
---------------+----------------------------------------+-----
Shields        | 4 5 6 7 9 12 14 | 14.3
Fighting       | 4 5 6 7 |  7.1
Armour         | 4 5 6 7 9 10 | 10.2
Axes           | 3 4 5 6 8 10 11 13 | 13.4
Invocations    | 4 6 |  6.1
Evocations     | 3 5 7 |  7.2

Action                   |  1- 3 |  4- 6 |  7- 9 | 10-12 | 13-15 || total
-------------------------+-------+-------+-------+-------+-------++-------
Melee: War axe           |    89 |   197 |   346 |   822 |   401 ||  1855
       Falchion          |       |       |       |     6 |       ||     6
Invok: Heroism           |       |       |       |     5 |     1 ||     6
 Abil: Dig               |     1 |     3 |    10 |    11 |    16 ||    41
Evoke: Wand              |       |       |     2 |    17 |     4 ||    23
  Use: Potion            |       |     2 |     1 |     9 |     4 ||    16
       Scroll            |       |       |       |    16 |     4 ||    20
 Stab: Confused          |       |       |       |     4 |       ||     4
       Invisible         |       |       |       |    17 |       ||    17
  Eat: Chunk             |       |     7 |    13 |    21 |    12 ||    53
       Bread ration      |       |     1 |       |       |       ||     1
Armor: Scale mail        |    34 |    47 |       |       |       ||    81
       Chain mail        |       |    46 |   176 |   227 |    47 ||   496
       Skin              |       |       |       |       |     2 ||     2
Dodge: Dodged            |    38 |    43 |   108 |   170 |    41 ||   400
Block: Shield            |    52 |   101 |   232 |   154 |       ||   539
       Large shield      |       |       |       |   541 |   353 ||   894
       Rpst.: Falchion   |       |       |       |     1 |       ||     1
